 Dungeon Crawl Stone Soup version 0.31.0-11-ge490571c62 (webtiles) character file.

Game seed: 4252001373671111730

18904 Arcadio the Royal Jelly (level 12, -4/113 HPs)
             Began as a Hill Orc Monk on Jan 26, 2024.
             Was the Champion of Jiyva.
             Slain by a salamander (10 damage)
             ... in a volcano.
             The game lasted 00:26:19 (9296 turns).

Arcadio the Royal Jelly (Hill Orc Monk)             Turns: 9296, Time: 00:26:20

Health: -4/113     AC: 16    Str: 18    XL:     12   Next: 63%
Magic:  24/24      EV:  7    Int:  9    God:    Jiyva [******]
Gold:   716        SH:  0    Dex: 17    Spells: 11/11 levels left

rFire   . . .        A - +6 broad axe (flame)
rCold   x . .        d - orb {light}
rNeg    + . .        B - +0 plate armour
rPois   +            (helmet currently unavailable)
rElec   +            o - melded scarf {repulsion}
rCorr   +            (gloves currently unavailable)
SInv    +            (boots currently unavailable)
Will    .....        (no amulet) Stlth
                     n - ring of positive energy
HPRegen 1.98/turn    H - ring of poison resistance
MPRegen 0.99/turn

%: clarity
@: beast-form, glowing
A: beast (slay +0), claws 1, iridescent scales 1, agile 1, clarity, sense
surroundings 1, electricity resistance, wild magic 1, eyeballs 3, tendrils,
jelly absorbing missiles, cold vulnerability 1, noise suppression
a: Begin Untransformation, Renounce Religion, Oozemancy, Slimify


You were in a volcano.
You worshipped Jiyva.
Jiyva was exalted by your worship.
You were a hulking beast.
You visited 4 branches of the dungeon, and saw 15 of its levels.
You also visited: Volcano.

You collected 1115 gold pieces.
You spent 399 gold pieces at shops.

Inventory:

Hand Weapons
 a - a +0 hand axe
 j - a +3 spear
 m - the +7 spear of Sepyab {freeze, Str+3}
   (You found it on level 2 of the Dungeon)

   Str+3:     It affects your strength (+3).
 r - a +0 broad axe
 t - a +0 war axe
 A - a +6 broad axe of flaming (weapon)
Missiles
 G - a throwing net (quivered)
Armour
 b - a +0 robe
 d - an orb of light (worn)
 o - a scarf of repulsion (melded)
 q - a +0 pair of gloves
 s - a +0 scale mail
 B - a +0 plate armour (worn)
 K - a +0 cloak
 M - a +2 robe of cold resistance
 N - a +1 robe of cold resistance
 O - a +2 robe of willpower
Jewellery
 n - a ring of positive energy (left claw)
 H - a ring of poison resistance (right claw)
Talismans
 C - a beast talisman (active)
Wands
 D - a wand of polymorph (17)
 I - a wand of flame (8)
Scrolls
 e - a scroll of fog {unknown}
 g - a scroll of butterflies
 i - 3 scrolls of amnesia
 l - a scroll of acquirement {unknown}
 p - 3 scrolls of blinking
 u - 2 scrolls of enchant armour
 v - 2 scrolls of immolation {unknown}
 w - 2 scrolls of teleportation {unknown}
 x - 2 scrolls of vulnerability
 y - a scroll of revelation {unknown}
 E - a scroll of enchant weapon {unknown}
Potions
 c - 4 potions of ambrosia
 f - 5 potions of might
 h - a potion of attraction {unknown}
 k - a potion of haste
 z - a potion of berserk rage {unknown}
 L - a potion of mutation {unknown}
Miscellaneous
 F - a phantom mirror
 J - a phial of floods


   Skills:
 + Level 12.6 Fighting
 + Level 10.2 Axes
 + Level 10.9 Armour
 - Level 2.4 Dodging
 - Level 16.5 Invocations


You had 11 spell levels left.
You didn't know any spells.
Your spell library contained the following spells:

 Spells                   Type           Power      Damage    Failure   Level
 Shock                    Conj/Air       0%         1d3       100%        1
 Swiftness                Air            0%         N/A       100%        3
 Airstrike                Air            0%         2d(0-16)  100%        4


Dungeon Overview and Level Annotations

Branches:
Dungeon (11/15)            Temple (1/1) D:7            Lair (1/5) D:10
    Orc (2/2) D:11            Elf (0/3) Orc:2       Volcano (1/1)

Altars:
Ashenzari
Cheibriados
Dithmenos
Elyvilon
Fedhas
Gozag
Hepliaklqana
Kikubaaqudgha
Makhleb
Nemelex Xobeh
Okawaru
Qazlal
Ru
Sif Muna
Trog
Uskayaw
Vehumet
Wu Jian
Xom
Yredelemnul
Zin
The Shining One
Beogh
Jiyva

Shops:
D:5 (   D:6 *   D:7 *   D:10 *

Annotations:
D:4 3 runed translucent doors, sanka's ghost, novice TrSh


Innate Abilities, Weirdness & Mutations

You are a hulking beast.
Your limbs bulge with bestial killing power. (Slay +0)
You have sharp fingernails.
You are partially covered in iridescent scales. (AC +2)
You are agile. (Dex +4, Str/Int -1)
You possess an exceptional clarity of mind.
You passively map a small area around you.
You are resistant to electric shocks. (rElec)
Your spells are a little harder to cast, but a little more powerful.
Your body is covered in eyes which may confuse attackers. (Acc +7, SInv)
You are covered in slimy tendrils that may disarm your opponents.
You have a small jelly attached to you that may absorb projectiles.
You are vulnerable to cold. (rC-)
You passively dampen the noise of your surroundings.


Message History

A gargoyle comes into view. It is wielding a +0 morningstar.
A salamander comes into view. It is wielding a +2 spear of flaming.
The gargoyle hurls a stone arrow at you.
The stone arrow hits you!!
The gargoyle hurls a stone arrow at you.
The stone arrow hits you!
The salamander hits you with a +2 spear of flaming.
You are engulfed in flames!
The salamander burns you. The gargoyle completely misses you.
You hit the gargoyle but do no damage. You hit the salamander.
The gargoyle hits you with a +0 morningstar!
The salamander barely misses you.
Your tendrils lash around the salamander's +2 spear of flaming and pull it to the ground!
You hit the gargoyle. You burn the gargoyle.
The gargoyle is lightly damaged.
You slash the salamander! The salamander barely misses you.
The gargoyle hits you with a +0 morningstar!
You hit the gargoyle but do no damage.
The gargoyle is lightly damaged.
You slash the salamander!
The gargoyle hits you but does no damage.
The salamander hits you!
You are engulfed in flames!
You slash the gargoyle! You burn the gargoyle.
The gargoyle is heavily damaged.
You slash the salamander!
The gargoyle hits you with a +0 morningstar!
Your tendrils lash around the gargoyle's +0 morningstar and pull it to the ground!
The salamander hits you but does no damage.
You hit the gargoyle. You burn the gargoyle.
The gargoyle is heavily damaged.
You slash the salamander! The gargoyle hits you. The salamander hits you!
* * * LOW HITPOINT WARNING * * *
You are engulfed in flames!
* * * LOW HITPOINT WARNING * * *
The gargoyle hits you.
* * * LOW HITPOINT WARNING * * *
The salamander hits you.
* * * LOW HITPOINT WARNING * * *
You are engulfed in flames!
You die...

#.......# #8..∩..8#
#.......# #.......#
#8.....8# ##''#++##
#####.....##############
.....8)..8.......N....~~
.......⌠........h9....~~*
#####.....##########..##
* #.....# ** , * *
#8...8# , + ####### * * +
, ,,* , , , , * * * *


You could see a salamander and a gargoyle.

Vanquished Creatures
  Fannar (D:11)
  A boulder beetle (D:11)
  2 two-headed ogres (D:11)
  Pikel (D:4)
  3 orc sorcerers
  3 orc knights (Orc:1)
  2 elephants (Lair:1)
  Maggie (D:9)
  A gargoyle (Volcano)
  5 trolls
  3 polar bears
  2 hornets
  Prince Ribbit (D:5)
  3 dream sheep
  4 wyverns
  A wraith (D:11)
  3 steam dragons
  12 yaks
  8 wargs
  An acid dragon (D:11)
  2 water moccasins
  Duvessa (D:6)
  16 orc warriors
  4 black bears
  A sky beast (D:7)
  An ice beast (D:5)
  6 ogres
  4 wolves
  3 centaurs
  3 lemures (D:3)
  A phantom (D:5)
  A kobold brigand (D:9)
  7 bullfrogs
  4 scorpions
  Dowan (D:6)
  7 howler monkeys
  2 lava snakes (D:10)
  4 hounds
  A bombardier beetle (D:5)
  16 orc priests
  A sleepcap (D:5)
  Jessica (D:2)
  12 orc wizards
  8 gnolls
  7 adders
  A white imp (D:8)
  2 dart slugs
  2 ribbon worms
  63 orcs
  2 bats
  2 endoplasms (D:1)
  3 giant cockroaches
  8 goblins
  3 hobgoblins
  4 jackals (D:1)
  10 kobolds
  A quokka (D:1)
  4 ball pythons
  A rat (D:1)
278 creatures vanquished.

Vanquished Creatures (others)
  A cyclops (D:11)
  A gargoyle (D:11)
  2 slime creatures
  3 yaks (D:10)
  A warg (Orc:1)
  A black bear (D:8)
  2 ogres (Orc:1)
  A centaur (D:5)
  A kobold brigand (D:6)
  A gnoll sergeant (D:7)
  35 jellies
  2 hounds (D:5)
  2 orc wizards
  Robin (D:2)
  An adder (D:5)
  2 gnolls (D:7)
  A white imp (D:5)
  An endoplasm (D:4)
  8 orcs
  2 ball pythons
  A giant cockroach (D:2)
  11 goblins
  A hobgoblin (D:2)
  2 quokkas
  A bat (D:2)
  A frilled lizard (D:3)
  3 kobolds (D:6)
  A rat (D:3)
90 creatures vanquished.

Grand Total: 368 creatures vanquished

Notes
Turn   | Place    | Note
-------+----------+-------------------------------------------
     0 | D:1      | Arcadio the Hill Orc Monk began the quest for the Orb.
     0 | D:1      | Reached XP level 1. HP: 19/19 MP: 1/1
   274 | D:1      | Reached XP level 2. HP: 12/27 MP: 2/2
   532 | D:1      | Reached skill level 1 in Armour
   728 | D:1      | Found a faded altar of an unknown god.
   938 | D:1      | Prayed at the altar of an unknown god.
   938 | D:1      | Became a worshipper of Jiyva Juulas the Shapeless
   938 | D:1      | Reached * piety under Jiyva
   938 | D:1      | Reached ** piety under Jiyva
  1049 | D:2      | Reached *** piety under Jiyva
  1115 | D:2      | Noticed Jessica
  1128 | D:2      | Killed Jessica
  1129 | D:2      | Reached XP level 3. HP: 10/34 MP: 3/3
  1188 | D:2      | Killed Robin
  1223 | D:2      | Gained mutation: You passively dampen the noise of your
                  | surroundings. [Jiyva's grace]
  1223 | D:2      | Gained mutation: You are partially covered in iridescent
                  | scales. (AC +2) [Jiyva's grace]
  1223 | D:2      | Gained mutation: You are mostly covered in iridescent
                  | scales. (AC +4) [Jiyva's grace]
  1223 | D:2      | Gained mutation: You are completely covered in iridescent
                  | scales. (AC +6) [Jiyva's grace]
  1229 | D:2      | Identified the +7 spear of Sepyab {freeze, Str+3}
  1253 | D:2      | Reached XP level 4. HP: 41/41 MP: 4/4
  1890 | D:3      | Reached skill level 5 in Axes
  2036 | D:3      | Reached **** piety under Jiyva
  2036 | D:3      | Found a shimmering blue altar of Sif Muna.
  2313 | D:4      | Reached skill level 5 in Fighting
  2324 | D:4      | Reached XP level 5. HP: 48/48 MP: 5/5
  2340 | D:4      | Reached skill level 1 in Invocations
  2387 | D:4      | Reached skill level 2 in Invocations
  2424 | D:4      | Noticed a lemure
  2424 | D:4      | Noticed a lemure
  2424 | D:4      | Noticed a lemure
  2426 | D:4      | Noticed a lemure
  2428 | D:4      | Noticed Pikel
  2432 | D:4      | Found a glowing silver altar of Zin.
  2440 | D:3      | Killed a lemure
  2446 | D:3      | Killed a lemure
  2450 | D:3      | Killed a lemure
  2468 | D:4      | Killed Pikel
  2469 | D:4      | Reached skill level 4 in Invocations
  2469 | D:4      | Reached XP level 6. HP: 58/58 MP: 6/9
  2469 | D:4      | Reached XP level 7. HP: 64/64 MP: 6/10
  2469 | D:4      | Found an opulent altar of Gozag.
  2470 | D:4      | Found an ancient bone altar of Kikubaaqudgha.
  2485 | D:4      | Found a runed translucent gate.
  2486 | D:4      | Found a runed translucent gate.
  2487 | D:4      | Found a runed translucent gate.
  2487 | D:4      | Noticed sanka's ghost (novice TrSh)
  2551 | D:4      | Reached ***** piety under Jiyva
  2861 | D:5      | Entered Level 5 of the Dungeon
  2907 | D:5      | Reached skill level 5 in Armour
  2913 | D:5      | Reached skill level 5 in Invocations
  2965 | D:5      | Gained mutation: Your spells are a little harder to cast,
                  | but a little more powerful. [Jiyva's grace]
  2965 | D:5      | Gained mutation: Your spells are harder to cast, but more
                  | powerful. [Jiyva's grace]
  2965 | D:5      | Gained mutation: Your spells are much harder to cast, but
                  | much more powerful. [Jiyva's grace]
  2965 | D:5      | Gained mutation: Your natural rate of healing is unusually
                  | fast. [Jiyva's grace]
  3111 | D:5      | Reached XP level 8. HP: 73/73 MP: 10/12
  3142 | D:5      | Found Fiwyohu's Antique Weapon Shop.
  3157 | D:5      | Noticed Prince Ribbit
  3174 | D:5      | Killed Prince Ribbit
  3175 | D:5      | Reached skill level 6 in Invocations
  3315 | D:5      | Reached skill level 7 in Invocations
  3404 | D:5      | Found a broken altar of Ashenzari.
  3640 | D:5      | Reached XP level 9. HP: 82/82 MP: 14/14
  4287 | D:6      | Noticed Duvessa
  4294 | D:6      | Noticed Dowan
  4299 | D:6      | Killed Duvessa
  4300 | D:6      | Reached skill level 8 in Invocations
  4309 | D:6      | Killed Dowan
  4373 | D:6      | Found a basalt altar of Yredelemnul.
  4406 | D:6      | Found Daluurou's Assorted Antiques.
  4413 | D:6      | Bought a scroll labelled JAMUPS UZXA for 23 gold pieces
  4413 | D:6      | Bought a scroll labelled JAMUPS UZXA for 23 gold pieces
  4413 | D:6      | Bought a scroll labelled VUIXAX FOLARY for 23 gold pieces
  4569 | D:6      | Lost mutation: You are completely covered in iridescent
                  | scales. (AC +6) [Jiyva's grace]
  4569 | D:6      | Lost mutation: Your spells are much harder to cast, but
                  | much more powerful. [Jiyva's grace]
  4569 | D:6      | Gained mutation: You possess an exceptional clarity of
                  | mind. [Jiyva's grace]
  4569 | D:6      | Gained mutation: You are agile. (Dex +4, Str/Int -1)
                  | [Jiyva's grace]
  4569 | D:6      | Gained mutation: You are very agile. (Dex +8, Str/Int -2)
                  | [Jiyva's grace]
  4569 | D:6      | Gained mutation: You are strong-willed. (Will+) [Jiyva's
                  | grace]
  4590 | D:6      | Reached ****** piety under Jiyva
  4727 | D:6      | Found a blossoming altar of Fedhas.
  4735 | D:6      | Found a shadowy altar of Dithmenos.
  4739 | D:6      | Found a radiant altar of Vehumet.
  4819 | D:6      | Identified the ring of Awe {rN+ Str+2}
  4819 | D:6      | Noticed Jeremiah
  4853 | D:6      | Slimified Jeremiah
  4853 | D:6      | Jeremiah changed into Jeremiah the slime creature
  4853 | D:6      | Noticed Jeremiah
  4980 | D:7      | Found a staircase to the Ecumenical Temple.
  5003 | Temple   | Entered the Ecumenical Temple
  5077 | D:7      | Found a white marble altar of Elyvilon.
  5120 | D:7      | Found Ea-nāṣir's Fine Metal Goods.
  5134 | D:7      | Bought a glowing broad axe for 168 gold pieces
  5234 | D:7      | Reached skill level 9 in Invocations
  5275 | D:7      | Found a shimmering altar of Xom.
  5611 | D:8      | Noticed a polar bear
  5617 | D:8      | Reached skill level 10 in Invocations
  5621 | D:8      | Found a runed translucent gate.
  5621 | D:8      | Found a runed translucent gate.
  5621 | D:8      | Found a runed translucent gate.
  5621 | D:8      | Noticed a polar bear
  5624 | D:8      | Noticed a polar bear
  5688 | D:8      | Identified the +0 robe "Xiyfeyti" {Regen+ Str+5 Dex+2}
  5703 | D:8      | Reached skill level 11 in Invocations
  5703 | D:8      | Reached XP level 10. HP: 89/93 MP: 18/18
  5802 | D:8      | Lost mutation: You are mostly covered in iridescent scales.
                  | (AC +4) [Jiyva's grace]
  5802 | D:8      | Lost mutation: You are very agile. (Dex +8, Str/Int -2)
                  | [Jiyva's grace]
  5802 | D:8      | Lost mutation: You are strong-willed. (Will+) [Jiyva's
                  | grace]
  5802 | D:8      | Lost mutation: Your natural rate of healing is unusually
                  | fast. [Jiyva's grace]
  5802 | D:8      | Lost mutation: Your spells are harder to cast, but more
                  | powerful. [Jiyva's grace]
  5802 | D:8      | Gained mutation: You have a small jelly attached to you
                  | that may absorb projectiles. [Jiyva's grace]
  5802 | D:8      | Gained mutation: You are resistant to electric shocks.
                  | (rElec) [Jiyva's grace]
  5802 | D:8      | Gained mutation: You are covered in slimy tendrils that may
                  | disarm your opponents. [Jiyva's grace]
  5802 | D:8      | Gained mutation: You have sharp fingernails. [Jiyva's
                  | grace]
  5886 | D:7      | Reached skill level 12 in Invocations
  5923 | D:8      | Reached skill level 13 in Invocations
  5927 | D:8      | Paralysed by a hornet for 2 turns
  5981 | D:7      | Reached skill level 14 in Invocations
  6042 | D:8      | Reached skill level 15 in Invocations
  6251 | D:9      | Noticed a two-headed ogre
  6255 | D:9      | Slimified a two-headed ogre
  6255 | D:9      | a two-headed ogre changed into a slime creature
  6340 | D:9      | Noticed Maggie
  6359 | D:9      | Killed Maggie
  6360 | D:9      | Reached XP level 11. HP: 87/99 MP: 22/22
  6374 | D:9      | Reached skill level 16 in Invocations
  6765 | D:10     | Entered Level 10 of the Dungeon
  6793 | D:10     | Noticed a two-headed ogre
  6797 | D:10     | Slimified a two-headed ogre
  6797 | D:10     | a two-headed ogre changed into a slime creature
  6884 | D:10     | Found a glowing golden altar of the Shining One.
  6945 | D:10     | Found a staircase to the Lair.
  6952 | D:10     | Found Lum Heym's General Store.
  6954 | Lair:1   | Entered Level 1 of the Lair of Beasts
  6985 | Lair:1   | Reached skill level 10 in Fighting
  7099 | D:10     | Bought a scroll of brand weapon for 114 gold pieces
  7099 | D:10     | Bought a scroll of identify for 24 gold pieces
  7099 | D:10     | Bought a scroll of identify for 24 gold pieces
  7344 | D:10     | Gained mutation: Your body has grown eyes which may confuse
                  | attackers. (Acc +3) [Jiyva's grace]
  7344 | D:10     | Gained mutation: Your body has grown many eyes which may
                  | confuse attackers. (Acc +5) [Jiyva's grace]
  7344 | D:10     | Gained mutation: Your body is covered in eyes which may
                  | confuse attackers. (Acc +7, SInv) [Jiyva's grace]
  7344 | D:10     | Gained mutation: You passively map a small area around you.
                  | [Jiyva's grace]
  7621 | D:11     | Noticed a boulder beetle
  7635 | D:11     | Killed a boulder beetle
  7794 | D:11     | Found a shimmering blue altar of Sif Muna.
  7900 | D:11     | Killed a cyclops
  7947 | D:11     | Found a staircase to the Orcish Mines.
  8038 | D:11     | Noticed a two-headed ogre
  8043 | D:11     | Killed a two-headed ogre
  8130 | D:11     | Noticed a two-headed ogre
  8140 | D:11     | Killed a two-headed ogre
  8260 | Orc:1    | Entered Level 1 of the Orcish Mines
  8260 | Orc:1    | Noticed Fannar
  8280 | D:11     | Killed Fannar
  8281 | D:11     | Reached XP level 12. HP: 29/110 MP: 24/24
  8349 | Orc:1    | Gained mutation: You are vulnerable to cold. (rC-) [a
                  | neqoxec]
  8473 | Orc:1    | Reached skill level 10 in Armour
  8501 | Orc:1    | You fall into a shaft and drop 1 floor!
  8501 | Orc:2    | Entered Level 2 of the Orcish Mines
  8506 | Orc:2    | Found a staircase to the Elven Halls.
  8619 | Orc:2    | Noticed an orc high priest
  8643 | Orc:2    | Noticed a soul eater
  8657 | Orc:2    | Slimified an orc high priest
  8657 | Orc:2    | an orc high priest changed into a slime creature
  9014 | Orc:1    | Paralysed by an orc sorcerer for 2 turns
  9152 | Orc:1    | Reached skill level 10 in Axes
  9188 | Orc:2    | Found a roughly hewn altar of Beogh.
  9243 | Orc:2    | Found a dark tunnel.
  9252 | Volcano  | Entered a volcano
  9296 | Volcano  | Slain by a salamander

Illustrated notes

Levels and vault maps discovered:
D:1:      eino_arrival_tree_alley, layout_basic,
          shapermc_ecumenical_altar_mp_ritualfount, grunt_decor_cap
D:2:      cheibrodos_old_hovel, layout_basic, serial_rivers,
          chequers_serial_rivers_micro_d, chequers_serial_rivers_micro_e,
          chequers_serial_rivers_small_3, chequers_serial_rivers_small_3,
          chequers_serial_rivers_micro_c, chequers_serial_rivers_micro_d,
          kennysheep_minor_cross, uniq_robin, uniq_jessica
D:3:      layout_rooms, mainiacjoe_overflow_six_doors_small,
          kennysheep_generic_room_9
D:4:      layout_cave_pools, chequers_temple_overflow_statue_of_worship,
          ebering_ghost_rock_garden, uniq_pikel
D:5:      minmay_polygon_palace, layout_layer_cave, nicolae_ashenzari_skybound,
          serial_shops, shop, minmay_misc_feat_hallway, chequers_mini_garden,
          hangedman_decor_lopped, uniq_prince_ribbit1
D:6:      hellmonk_destroyed_diamonds, layout_basic, yredelemnul_altar_generic,
          minitemple, gammafunk_ghost_nasty_kobolds, serial_shops, shop,
          minmay_misc_feat_tower, grunt_ministairs_2, uniq_jeremiah,
          uniq_duvessa
D:7:      layout_basic, mainiacjoe_overflow_catch_the_wave,
          minmay_temple_entry_arrows, nicolae_ea-nasir_strikes_again,
          st_stairs_7, patterned_corridor
D:8:      lemuel_bear_cage, layout_rooms, onia_ninara_dug_in_and_dangerous
D:9:      layout_cave_pools, uniq_maggie
D:10:     layout_big_octagon, nicolae_tso_carved_into_rock, serial_shops, shop
D:11:     layout_roguey, david_orc_4, hangedman_decor_push, led_sif_book
Temple:   compressed_dpeg_circular_temple
Lair:1:   dragon1_lemuel, layout_long_grid, nicolae_quartered_pool_super,
          grunt_forest_small_clearing_treed
Orc:1:    layout_diamond_mine, uniq_fannar
Orc:2:    st_orc_town, layout_diamond_mine, basic_altar, enter_volcano_2
Volcano:  hellmonk_zot_springs

Skill      XL: |  1  2  3  4  5  6  7  8  9 10 11 12 |
---------------+-------------------------------------+-----
Armour         | 1 2 4 5 6 8 9 10 | 10.9
Fighting       | 4 5 6 7 8 9 11 12 | 12.6
Axes           | 5 8 10 | 10.2
Invocations    | 4 5 7 11 15 16 | 16.5
Dodging        | |  2.4

Action                     |  1- 3 |  4- 6 |  7- 9 | 10-12 || total
---------------------------+-------+-------+-------+-------++-------
  Melee: Hand axe          |    69 |       |       |       ||    69
         Spear             |     3 |    71 |   186 |       ||   260
         Broad axe         |       |       |    34 |   372 ||   406
 Invoke: Slimify           |       |       |     1 |     3 ||     4
  Evoke: Wand              |       |       |       |     1 ||     1
    Use: Scroll            |     1 |       |       |     9 ||    10
         Potion            |       |       |       |     1 ||     1
   Stab: Confused          |       |       |       |    14 ||    14
 Armour: Robe              |    30 |    51 |    18 |       ||    99
         Scale mail        |       |       |   138 |       ||   138
         Plate armour      |       |       |    24 |   600 ||   624
  Dodge: Dodged            |    42 |    43 |   147 |   178 ||   410
   Form: Beast             |       |       |     1 |       ||     1
